 Dungeon Crawl Stone Soup version 0.27-a0-445-gbe96e517c0 (webtiles) character file.

Game seed: 13458759976515021136

2276 Gaff the Slicer (level 9, -2/54 HPs)
             Began as a Kobold Brigand on Feb 27, 2021.
             Was an Initiate of Gozag.
             Slain by a troll (7 damage)
             ... on level 8 of the Dungeon.
             The game lasted 00:26:26 (9890 turns).

Gaff the Slicer (Kobold Brigand)                    Turns: 9890, Time: 00:26:26

Health: -2/54      AC: 12    Str: 15    XL:     9   Next: 65%
Magic:  9/9        EV: 18    Int: 12    God:    Gozag
Gold:   685        SH:  0    Dex: 19    Spells: 8/8 levels left

rFire    . . .     SeeInvis .   a - +2 dagger
rCold    + . .     Faith    .   (shield restricted)
rNeg     + . .     Spirit   .   r - +2 ring mail {rC+}
rPois    .         Reflect  .   S - +1 hat
rElec    .         Harm     .   c - +0 cloak
rCorr    .         Rampage  .   A - +0 pair of gloves
Will     .....                  Q - +0 pair of boots
Stlth    ++++......             (no amulet)
HPRegen  0.18/turn              u - ring of positive energy
MPRegen  0.11/turn              I - +6 ring of strength

@: about to teleport, gold aura
A: small, nightstalker 3
a: Renounce Religion, Potion Petition, Call Merchant, Bribe Branch


You were on level 8 of the Dungeon.
You worshipped Gozag.
Gozag was pleased with you.
You visited 2 branches of the dungeon, and saw 9 of its levels.

You collected 736 gold pieces.
You paid 51 gold pieces to Gozag.

Inventory:

Hand Weapons
 a - a +2 dagger (weapon)
 l - a +1 whip of venom
 K - a +2 quarterstaff of draining
 L - a +0 fustibalus
Missiles
 d - 18 poisoned darts
 e - 2 curare-tipped darts
 g - 206 stones
 F - 4 boomerangs (quivered)
 J - a throwing net
Armour
 b - a +0 robe
 c - a +0 cloak (worn)
 h - a +0 ring mail
 r - a +2 ring mail of cold resistance (worn)
 v - a +0 cloak
 w - a +2 robe of positive energy
 A - a +0 pair of gloves (worn)
 Q - a +0 pair of boots (worn)
 S - a +1 hat (worn)
Jewellery
 u - a ring of positive energy (left hand)
 y - a ring of fire
 I - a +6 ring of strength (right hand)
Wands
 q - a wand of iceblast (12)
 E - a wand of digging (4)
 O - a wand of flame (5)
 R - a wand of charming (5)
Scrolls
 f - 2 scrolls of immolation {unknown}
 i - a scroll of blinking {unknown}
 m - 2 scrolls of fog {unknown}
 n - 4 scrolls of magic mapping
 o - 4 scrolls of identify {unknown}
 t - 3 scrolls of enchant weapon {unknown}
 B - a scroll of fear {unknown}
 C - a scroll of random uselessness {unknown}
 D - a scroll of noise {unknown}
 N - a scroll of acquirement {unknown}
Potions
 j - a potion of curing
 k - 2 potions of degeneration {unknown}
 p - a potion of magic {unknown}
 x - 2 potions of invisibility {unknown}
 z - 2 potions of haste
 G - a potion of lignification {unknown}
 H - a potion of heal wounds {unknown}
 M - a potion of attraction {unknown}
 P - a potion of might {unknown}


   Skills:
 + Level 5.3 Fighting
 - Level 9.0 Short Blades
 + Level 2.8 Throwing
 - Level 5.4 Armour
 + Level 6.9 Dodging
 - Level 6.3 Stealth


You had 8 spell levels left.
You didn't know any spells.
Your spell library contained the following spells:

 Spells                   Type           Power        Failure   Level
 Corona                   Hex            0%           52%         1
 Magic Dart               Conj           0%           52%         1
 Searing Ray              Conj           0%           67%         2
 Slow                     Hex            0%           67%         2
 Confusing Touch          Hex            0%           88%         3
 Dazzling Flash           Conj/Hex       0%           88%         3
 Gell's Gravitas          Tloc           0%           88%         3
 Inner Flame              Hex/Fire       0%           88%         3
 Portal Projectile        Hex/Tloc       0%           88%         3
 Cause Fear               Hex            0%           99%         4
 Fulminant Prism          Conj/Hex       0%           99%         4
 Iskenderun's Mystic Bla  Conj/Tloc      0%           99%         4
 Leda's Liquefaction      Hex/Erth       0%           99%         4
 Petrify                  Tmut/Erth      0%           99%         4
 Metabolic Englaciation   Hex/Ice        0%           100%        5
 Yara's Violent Unravell  Hex/Tmut       0%           100%        5


Dungeon Overview and Level Annotations

Branches:
Dungeon (8/15)             Temple (1/1) D:4
   Lair: D:8-11

Altars:
Ashenzari
Cheibriados
Elyvilon
Fedhas
Gozag
Hepliaklqana
Kikubaaqudgha
Makhleb
Nemelex Xobeh
Okawaru
Qazlal
Ru
Sif Muna
Trog
Uskayaw
Wu Jian
Xom
Yredelemnul
Zin
The Shining One

Shops:
D:7 [

Annotations:
D:4 Eustachio
D:5 1 runed translucent door, Crazy Yiuf, Menkaure


Innate Abilities, Weirdness & Mutations

You are small and have problems with some larger weapons.
You are completely attuned to the shadows.


Message History

The troll is lightly wounded.
The troll bites you.
The troll claws you but does no damage. x2
You hit the troll.
The troll is moderately wounded.
You barely miss the troll.
The troll is moderately wounded.
The troll completely misses you. The troll barely misses you.
The troll claws you.
You hit the troll.
The troll is moderately wounded.
A hound comes into view.
You closely miss the troll.
The troll is moderately wounded.
The troll bites you! The troll closely misses you.
The troll completely misses you.
You barely miss the troll.
The troll is lightly wounded.
The troll barely misses you. x2; The troll claws you.
The hound barks!
You hit the troll.
The troll is moderately wounded.
You hear a howl!
The troll bites you. The troll claws you but does no damage.
The troll claws you.
You hit the troll but do no damage.
The troll is moderately wounded.
The troll bites you!
* * * LOW HITPOINT WARNING * * *
The troll completely misses you. The troll closely misses you.
You closely miss the troll.
The troll is moderately wounded.
The troll bites you but does no damage. The troll claws you but does no damage.
The troll claws you!
* * * LOW HITPOINT WARNING * * *
As you read the scroll of teleportation, it crumbles to dust.
You feel strangely unstable. The hound misses you. The troll bites you.
* * * LOW HITPOINT WARNING * * *
The troll claws you!
You die...
Your body crumbles into a pile of gold.

.......##...####'##..#
....... .....#.......
#..... ....+.......
#..... ....#.......
...... ............
...... ............
....≈. ...≈....##+
...≈≈. ≈.≈.....#
..≈≈≈. ≈.≈≈..@.# ..≈≈≈
≈≈...Th.# ..≈≈≈
≈.......# ...≈≈
.≈≈.)...# ...≈≈
≈≈≈.....# ..≈≈≈
≈≈≈≈....# ..≈≈≈
≈≈≈≈≈#### ...≈≈ ≈≈≈≈≈$
..≈≈.


You could see a troll and a hound.

Vanquished Creatures
  Grinder (D:6)
  An ice beast (D:6)
  An ogre (D:7)
  A sky beast (D:6)
  3 centaurs
  A necrophage (D:8)
  2 phantoms (D:7)
  Blork the orc (D:5)
  2 bullfrogs
  3 scorpions
  4 wights
  2 centaur zombies (D:5)
  4 hounds
  4 orc priests
  3 worker ants
  Terence (D:3)
  Natasha (twice) (D:3)
  5 orc wizards
  2 worker ant zombies (D:5)
  6 adders
  4 gnolls (D:3)
  A river rat (D:3)
  A shadow imp (D:7)
  A white imp (D:6)
  4 worms
  4 dart slugs
  4 leopard geckos
  19 orcs
  A ball python (D:4)
  7 giant cockroaches
  7 goblins
  11 hobgoblins
  3 jackals (D:2)
  A quokka (D:2)
  9 bats
  5 frilled lizards
  A jackal skeleton (D:5)
  4 kobolds
  9 rats
145 creatures vanquished.

Vanquished Creatures (others)
  2 plants (D:4)
2 creatures vanquished.

Grand Total: 147 creatures vanquished

Notes
Turn   | Place    | Note
-------+----------+-------------------------------------------
     0 | D:1      | Gaff the Kobold Brigand began the quest for the Orb.
     0 | D:1      | Reached XP level 1. HP: 12/12 MP: 1/1
   339 | D:1      | Reached XP level 2. HP: 17/18 MP: 2/2
   655 | D:1      | Reached XP level 3. HP: 22/22 MP: 3/3
   833 | D:1      | Reached skill level 3 in Short Blades
  1132 | D:2      | Reached XP level 4. HP: 22/27 MP: 4/4
  1588 | D:2      | Reached skill level 4 in Short Blades
  1621 | D:2      | Found a blossoming altar of Fedhas.
  2087 | D:3      | Reached XP level 5. HP: 31/31 MP: 5/5
  2258 | D:3      | Noticed Terence
  2262 | D:3      | Killed Terence
  2268 | D:3      | Reached skill level 5 in Short Blades
  2278 | D:3      | Noticed Natasha
  2721 | D:3      | Reached skill level 1 in Armour
  2739 | D:3      | Reached XP level 6. HP: 36/37 MP: 6/6
  2980 | D:3      | Killed Natasha
  3080 | D:3      | Noticed Natasha
  3084 | D:3      | Killed Natasha
  3602 | D:4      | Found a glowing golden altar of the Shining One.
  3807 | D:4      | Noticed Eustachio
  4251 | D:4      | Found a staircase to the Ecumenical Temple.
  4273 | Temple   | Entered the Ecumenical Temple
  4592 | Temple   | Became a worshipper of Gozag Ym Sagoz the Greedy
  4745 | D:4      | Reached skill level 6 in Short Blades
  5057 | D:5      | Entered Level 5 of the Dungeon
  5128 | D:4      | Reached XP level 7. HP: 23/41 MP: 7/7
  5705 | D:5      | Noticed Blork the orc
  5719 | D:5      | Killed Blork the orc
  5798 | D:5      | Noticed Menkaure
  6214 | D:5      | Found a hide-covered altar of Uskayaw.
  6427 | D:5      | Found a sacrificial altar of Ru.
  6528 | D:5      | Found a runed translucent door.
  6531 | D:5      | Noticed Crazy Yiuf
  6708 | D:5      | Reached XP level 8. HP: 29/46 MP: 8/8
  6966 | D:5      | Reached skill level 7 in Short Blades
  7392 | D:6      | Noticed Grinder
  7557 | D:6      | Killed Grinder
  7558 | D:6      | Reached skill level 5 in Dodging
  7873 | D:6      | Found an iron altar of Okawaru.
  7873 | D:6      | Found a glowing silver altar of Zin.
  7873 | D:6      | Found an ornate altar of the Wu Jian Council.
  8037 | D:6      | Reached skill level 8 in Short Blades
  8037 | D:6      | Reached XP level 9. HP: 48/52 MP: 9/9
  8170 | D:7      | Found Vasaad's Armour Boutique.
  8337 | D:7      | Reached skill level 5 in Armour
  9575 | D:7      | Reached skill level 9 in Short Blades
  9661 | D:7      | Reached skill level 5 in Fighting
  9869 | D:8      | Noticed a troll
  9890 | D:8      | Slain by a troll

Illustrated notes

Levels and vault maps discovered:
D:1:      dpeg_arrival_central, layout_basic, minmay_misc_feat_tower
D:2:      layout_loops_ring, lemuel_coloured_pillars_altar
D:3:      layout_basic, gup_sewer_entry_bubbles, uniq_natasha, uniq_terence
D:4:      layout_loops_ring, tso_oasis_becter, minmay_temple_entry_glassed_door,
          kennysheep_potato, uniq_eustachio
D:5:      layout_loops_cross, old_standard_altar, nicolae_ru_path_of_blood,
          uniq_menkaure, uniq_blork_the_orc, uniq_crazy_yiuf_cottage
D:6:      layout_rooms, gammafunk_temple_overflow_claw, uniq_grinder
D:7:      layout_rooms, serial_shops, shop, grunt_ministairs_8,
          kennysheep_doodads
D:8:      layout_gridville, vehumet_altar_wand_db, lemuel_doored_altar,
          erik_lair_island
Temple:   eino_narrow_crystal_temple

Skill      XL: |  1  2  3  4  5  6  7  8  9 |
---------------+----------------------------+-----
Stealth        | 6 |  6.3
Short Blades   | 3 4 5 6 8 9 |  9.0
Dodging        | 2 3 4 5 6 |  6.9
Fighting       | 3 4 5 |  5.3
Armour         | 1 2 3 4 5 |  5.4
Throwing       | |  2.8

Action                   |  1- 3 |  4- 6 |  7- 9 || total
-------------------------+-------+-------+-------++-------
Melee: Dagger            |    55 |   328 |   615 ||   998
       Unarmed           |       |     1 |       ||     1
Throw: Boomerang         |       |       |     6 ||     6
  Use: Scroll            |       |     1 |     2 ||     3
       Potion            |       |       |     1 ||     1
 Stab: Sleeping          |    18 |    23 |    18 ||    59
       Distracted        |       |     1 |     1 ||     2
Armor: Robe              |     7 |       |       ||     7
       Ring mail         |       |    81 |   119 ||   200
Dodge: Dodged            |    22 |   178 |   255 ||   455

Table legend: (Time is in decaauts)
 A = Elapsed time spent in this place.
 B = Non-inter-level travel time spent in this place.
 C = Inter-level travel time spent in this place.
 D = Time resting spent in this place.
 E = Time spent auto-exploring this place.
 F = Levels seen in this place.
 G = Mean time per level.
                   A        B        C        D        E       F      G
               +--------+--------+--------+--------+--------+-----+--------+
         Total |   9597 |   9439 |    158 |   2448 |   4649 |   9 | 1066.3 |
       Dungeon |   9271 |   9113 |    158 |   2448 |   4468 |   8 | 1158.9 |
        Temple |    325 |    325 |      0 |      0 |    181 |   1 |  325.0 |
               +--------+--------+--------+--------+--------+-----+--------+

Top non-repeatable levels by time:
     D:4: 1993 daAuts
     D:5: 1535 daAuts
     D:2: 1264 daAuts
     D:7: 1173 daAuts
     D:6: 1046 daAuts
     D:1: 1032 daAuts
     D:3: 816 daAuts
     D:8: 410 daAuts
  Temple: 325 daAuts
